 Dungeon Crawl Stone Soup version 0.30-a0-622-gddc90eaa04 (webtiles) character file.

Game seed: 12795185977187450960

20601 IdlyInterested the Cleaver (level 12, -1/97 HPs)
             Began as a Demonspawn Gladiator on Jan 10, 2023.
             Was a Follower of Trog.
             Slain by a meliai
             ... wielding a +0 broad axe
              (6 damage)
             ... while paralysed by a sphinx
             ... on level 12 of the Dungeon.
             The game lasted 00:44:31 (13217 turns).

IdlyInterested the Cleaver (Demonspawn Gladiator)  Turns: 13217, Time: 00:44:32

Health: -1/97      AC: 10    Str: 28    XL:     12   Next: 46%
Magic:  12/12      EV:  2    Int:  9    God:    Trog [*.....]
Gold:   1119       SH:  0    Dex: 21    Spells: 11/11 levels left

rFire   + . .      SeeInvis .    a - +1 war axe
rCold   + . .      Faith    .    G - +0 buckler
rNeg    . . .      Spirit   .    B - +2 steam dragon scales
rPois   .          Reflect  +    b - +1 hat
rElec   .          Harm     .    n - scarf {rC+ rF+}
rCorr   .          Rampage  .    (no gloves)
Will    .....                    (no boots)
Stlth   ++                       j - amulet of reflection
HPRegen 0.36/turn                S - +6 ring of dexterity
MPRegen 0.13/turn                U - +6 ring of strength

@: paralysed
A: claws 1, hooves 2, spiny 1, condensation shield, weakness stinger 2, strong 1
a: Renounce Religion, Berserk


You were on level 12 of the Dungeon.
You worshipped Trog.
Trog was aware of your devotion.
You visited 2 branches of the dungeon, and saw 13 of its levels.
You also visited: Sewer.

You collected 1119 gold pieces.

Inventory:

Hand Weapons
 a - a +1 war axe (weapon)
 m - a +0 heavy trident
 v - a +0 whip of venom
 w - a +2 whip of draining
 F - a +4 scimitar of flaming
Missiles
 d - 3 throwing nets
 e - a javelin
 h - 149 stones (quivered)
 k - 5 boomerangs
 l - 67 poisoned darts
 L - 6 curare-tipped darts
Armour
 b - a +1 hat (worn)
 c - a +0 helmet
 n - a scarf of resistance (worn)
 B - +2 steam dragon scales (worn)
 G - a +0 buckler (worn)
 M - an orb of wrath
 X - a +1 robe of cold resistance
Jewellery
 j - an amulet of reflection (around neck)
 p - a ring of resist corrosion
 C - a ring of see invisible
 K - a ring of willpower
 S - a +6 ring of dexterity (left claw)
 U - a +6 ring of strength (right claw)
Wands
 o - a wand of roots (12)
 y - a wand of acid (19)
 J - a wand of flame (22)
 R - a wand of polymorph (13)
Scrolls
 g - a scroll of torment
 q - a scroll of poison
 r - 11 scrolls of teleportation
 s - 3 scrolls of immolation
 t - a scroll of magic mapping
 x - a scroll of vulnerability
 H - 2 scrolls of blinking
 I - 4 scrolls of enchant armour
 P - 2 scrolls of enchant weapon
 T - a scroll of fog
 W - a scroll of summoning
 Y - a scroll of fear {unknown}
Potions
 f - 2 potions of mutation
 i - a potion of ambrosia
 u - 3 potions of attraction
 z - 5 potions of curing
 A - 2 potions of lignification
 D - 4 potions of heal wounds
 E - a potion of invisibility
 N - a potion of magic
 O - a potion of cancellation
 Q - a potion of flight
 V - 2 potions of haste


   Skills:
 + Level 9.8 Fighting
 * Level 13.0 Axes
 - Level 2.0 Throwing
 - Level 10.0 Armour
 - Level 5.0 Dodging
 - Level 1.0 Stealth
 * Level 4.6 Shields
 - Level 2.0 Evocations


You had 11 spell levels left.
You didn't know any spells.
Your spell library contained the following spells:

 Spells                   Type           Power      Damage    Failure   Level
 Apportation              Tloc           0%         N/A       45%         1
 Beastly Appendage        Tmut           0%         N/A       45%         1
 Necrotise                Necr           0%         1d4       45%         1
 Summon Small Mammal      Summ           0%         N/A       45%         1
 Wereblood                Tmut           0%         N/A       61%         2
 Inner Flame              Hex/Fire       0%         N/A       83%         3
 Spider Form              Tmut/Pois      0%         N/A       83%         3
 Animate Armour           Summ/Erth      0%         N/A       99%         4
 Cause Fear               Hex            0%         N/A       99%         4
 Blade Hands              Tmut           0%         N/A       100%        5
 Iskenderun's Battlesphe  Conj           0%         2d6       100%        5
 Iron Shot                Conj/Erth      0%         9d1       100%        6
 Spellforged Servitor     Conj/Summ      0%         N/A       100%        7
 Discord                  Hex            0%         N/A       100%        8


Dungeon Overview and Level Annotations

Branches:
Dungeon (12/15)            Temple (1/1) D:6            Lair (0/5) D:8
    Orc (0/2) D:10          Sewer (visited)

Altars:
Ashenzari
Cheibriados
Dithmenos
Fedhas
Gozag
Hepliaklqana
Kikubaaqudgha
Makhleb
Nemelex Xobeh
Okawaru
Qazlal
Ru
Sif Muna
Trog
Uskayaw
Vehumet
Wu Jian
Xom
Yredelemnul

Shops:
D:6 :   D:11 :


Innate Abilities, Weirdness & Mutations

You have sharp fingernails.
You have hoof-like feet.
You are partially covered in sharp spines.
A meltable shield of frost defends you. (SH +4)
You have a tail ending in a sharp stinger.
Your muscles are strong. (Str +4, Int/Dex -1)


Message History

The slime creature hits you but does no damage.
You slash the slime creature! You kick the slime creature.
The slime creature is moderately wounded.
The slime creature is struck by your spines.
The slime creature hits you but does no damage.
You slash the slime creature!
The slime creature is severely wounded.
You block the slime creature's attack.
You barely miss the slime creature. You kick the slime creature.
The slime creature is severely wounded.
You block the slime creature's attack.
You slash the slime creature! You kick the slime creature!
The slime creature is almost dead.
You block the slime creature's attack.
You barely miss the slime creature. You kick the slime creature.
You kill the slime creature!
Trog accepts your kill.
An ettin comes into view. It is wielding two +0 dire flails.
A sphinx and a frost giant come into view.
The frost giant is wielding a +0 battleaxe of freezing.
A meliai comes into view. It is wielding a +0 broad axe.
The sphinx shouts!
The frost giant shouts!
The sphinx casts a spell.
You suddenly lose the ability to move!
A deep elf high priest comes into view. It is wielding a +0 scimitar.
The meliai moves out of view.
The deep elf high priest mumbles some strange prayers to its god against you.
The sphere of damnation explodes!
The damnation engulfs you!
The meliai buzzes angrily.
The meliai mumbles some strange prayers to its god against you.
Something smites you! The meliai hits you but does no damage.
The meliai stings you.
The ettin hits you with a +0 dire flail!! x2
* * * LOW HITPOINT WARNING * * *
A centaur warrior simulacrum comes into view.
The meliai is struck by your spines.
The meliai hits you with a +0 broad axe.
* * * LOW HITPOINT WARNING * * *
The meliai stings you.
You die...

.................................
###.#######################.####.
##.......... #.# #. #..........
#.# #. #....##############.. #.#
#. #.................... #.# #.
#..#....#####..#....# #.# ##
#..#...## #..# ..# #.# ##~
#..#..## #@.# # #.###†~ #..#.##
#Cy# #.##~~~ #..#.#


eHC.. #.#~~~~ #..#.# ........ #.~~~~~ #.# ..#..####.# #.#~~~~ ..#.... # #.##~~~
... Z... #.###~~ ... ..... #.##... #.##... You could see a frost giant, a
sphinx, an ettin, a deep elf high priest, a meliai and a centaur warrior
simulacrum.

Vanquished Creatures
  Jorgrun (D:12)
  Erica (D:9)
  2 two-headed ogres
  2 ugly things (D:12)
  A cyclops (D:11)
  2 centaur zombies (D:11)
  A centaur skeleton (D:11)
  3 gargoyles
  Maggie (D:9)
  2 kobold demonologists (D:12)
  3 trolls
  Prince Ribbit (D:9)
  A slime creature (D:12)
  A vampire (D:10)
  A centaur simulacrum (D:11)
  A shadow (D:12)
  2 wraiths
  2 wyverns
  A water elemental (D:12)
  10 yaks
  A steam dragon (D:6)
  4 vampire mosquitoes
  Menkaure (D:7)
  4 wargs (D:10)
  6 orc warriors
  3 black bears
  A sky beast (D:8)
  3 centaurs
  3 ogres
  2 phantoms
  7 kobold brigands
  A necrophage (D:6)
  2 bullfrogs (D:7)
  3 gnoll sergeants
  2 scorpions
  5 wights (D:8)
  15 killer bees
  An electric eel (D:12)
  3 howler monkeys
  2 lava snakes (D:11)
  5 hounds
  5 orc priests
  4 jellies
  A boggart zombie (D:11)
  11 iguanas
  4 orc wizards
  14 adders
  9 gnolls
  A river rat (Sewer)
  2 shadow imps (D:8)
  3 white imps
  2 worms (Sewer)
  2 dart slugs
  20 orcs
  8 bats
  10 endoplasms
  6 giant cockroaches
  9 goblins
  8 hobgoblins
  10 jackals
  4 quokkas
  12 ball pythons
  3 frilled lizards
  28 kobolds
  9 rats
298 creatures vanquished.

Vanquished Creatures (collateral kills)
  A troll (D:11)
1 creature vanquished.

Grand Total: 299 creatures vanquished

Notes
Turn   | Place    | Note
-------+----------+-------------------------------------------
     0 | D:1      | IdlyInterested the Demonspawn Gladiator began the quest for
                  | the Orb.
     0 | D:1      | Reached XP level 1. HP: 16/16 MP: 1/1
   245 | D:1      | Discovered your monstrous ancestry.
   245 | D:1      | Gained mutation: You have large cloven feet. [demonic
                  | ancestry]
   245 | D:1      | Reached XP level 2. HP: 22/22 MP: 2/2
   258 | D:1      | Reached skill level 3 in Axes
   789 | D:2      | Gained mutation: Potions are less effective at restoring
                  | your health. [potion of mutation]
   789 | D:2      | Lost mutation: Potions are less effective at restoring your
                  | health. [potion of mutation]
   904 | D:2      | Reached XP level 3. HP: 27/28 MP: 3/3
  1032 | D:2      | Reached skill level 1 in Stealth
  1060 | D:2      | HP: 1/28 [poisoned by an adder]
  1232 | D:2      | You fall into a shaft and drop 2 floors!
  1272 | D:4      | Reached XP level 4. HP: 28/35 MP: 4/4
  1292 | D:4      | Reached skill level 1 in Armour
  1374 | D:3      | Reached skill level 4 in Axes
  1374 | D:3      | Gained mutation: You are partially covered in sharp spines.
                  | [demonic ancestry]
  1374 | D:3      | Reached XP level 5. HP: 23/41 MP: 5/5
  1423 | D:3      | Found a glowing drain.
  1448 | Sewer    | Entered a sewer
  1781 | Sewer    | Gained mutation: You have hoof-like feet. [demonic
                  | ancestry]
  1781 | Sewer    | Reached XP level 6. HP: 22/48 MP: 6/6
  2378 | D:3      | Found a faded altar of an unknown god.
  2403 | D:2      | Found a shimmering altar of Xom.
  3277 | D:3      | Reached skill level 5 in Axes
  4153 | D:5      | Entered Level 5 of the Dungeon
  4178 | D:5      | Gained mutation: You have sharp fingernails. [demonic
                  | ancestry]
  4178 | D:5      | Reached XP level 7. HP: 51/54 MP: 7/7
  4233 | D:5      | Reached skill level 5 in Fighting
  4233 | D:5      | Reached skill level 6 in Axes
  4496 | D:5      | Gained mutation: You have a small tail. [demonic ancestry]
  4496 | D:5      | Reached XP level 8. HP: 29/63 MP: 8/8
  4629 | D:5      | Reached skill level 1 in Evocations
  5174 | D:6      | Reached skill level 7 in Axes
  5175 | D:6      | Found Tabim's Book Boutique.
  5221 | D:6      | Found a snail-covered altar of Cheibriados.
  5223 | D:6      | Found a broken altar of Ashenzari.
  5226 | D:6      | Found an ancient bone altar of Kikubaaqudgha.
  5228 | D:6      | Found a shimmering blue altar of Sif Muna.
  5228 | D:6      | Found a blossoming altar of Fedhas.
  5228 | D:6      | Found an opulent altar of Gozag.
  5229 | D:6      | Found a sparkling altar of Nemelex Xobeh.
  5232 | D:6      | Found a hide-covered altar of Uskayaw.
  5233 | D:6      | Found an ornate altar of the Wu Jian Council.
  5667 | D:6      | Reached skill level 8 in Axes
  5740 | D:6      | Found a burning altar of Makhleb.
  5822 | D:6      | Found a staircase to the Ecumenical Temple.
  5840 | Temple   | Entered the Ecumenical Temple
  6226 | D:6      | Reached XP level 9. HP: 71/71 MP: 9/9
  6313 | D:6      | Reached skill level 1 in Shields
  6697 | D:7      | Noticed Menkaure
  6703 | D:7      | Killed Menkaure
  7240 | D:7      | Reached skill level 9 in Axes
  7910 | D:8      | Found a staircase to the Lair.
  8250 | D:8      | Gained mutation: A meltable shield of frost defends you.
                  | (SH +4) [demonic ancestry]
  8250 | D:8      | Reached XP level 10. HP: 80/82 MP: 10/10
  8250 | D:8      | Reached skill level 10 in Armour
  8250 | D:8      | Reached XP level 11. HP: 85/87 MP: 11/11
  8615 | D:9      | Noticed Maggie
  8631 | D:9      | Killed Maggie
  8658 | D:9      | Reached skill level 10 in Axes
  9324 | D:9      | Noticed Erica
  9342 | D:9      | Killed Erica
  9542 | D:9      | Noticed a two-headed ogre
  9551 | D:9      | Killed a two-headed ogre
  9626 | D:9      | Noticed Prince Ribbit
  9635 | D:9      | Killed Prince Ribbit
  9857 | D:10     | Entered Level 10 of the Dungeon
 10374 | D:10     | Gained mutation: Your muscles are strong. (Str +4, Int/Dex
                  | -1) [potion of mutation]
 10377 | D:10     | Found a staircase to the Orcish Mines.
 10398 | D:10     | Noticed a two-headed ogre
 10403 | D:10     | Reached skill level 11 in Axes
 10408 | D:10     | Killed a two-headed ogre
 10732 | D:10     | Found a bloodstained altar of Trog.
 10767 | D:10     | Became a worshipper of Trog the Wrathful
 11500 | D:11     | Found Yheck's Book Boutique.
 11594 | D:11     | Gained mutation: You have a tail ending in a sharp stinger.
                  | [demonic ancestry]
 11594 | D:11     | Reached XP level 12. HP: 65/96 MP: 12/12
 12027 | D:12     | Reached skill level 12 in Axes
 12236 | D:12     | Reached * piety under Trog
 12484 | D:12     | Noticed Jorgrun
 12500 | D:12     | Killed Jorgrun
 12501 | D:12     | Reached skill level 5 in Dodging
 12931 | D:12     | Reached skill level 13 in Axes
 13211 | D:12     | Noticed an ettin
 13212 | D:12     | Noticed a sphinx
 13212 | D:12     | Noticed a frost giant
 13213 | D:12     | Paralysed by a sphinx for 5 turns
 13213 | D:12     | Noticed a deep elf high priest
 13217 | D:12     | Slain by a meliai

Illustrated notes

Levels and vault maps discovered:
D:1:      tekkud_arrival_beachfront_property, layout_basic
D:2:      layout_basic, basic_altar
D:3:      layout_loops_corners, nicolae_ecumenical_pavilion,
          portal_sewer_entry_f
D:4:      layout_cave_pools
D:5:      layout_rooms, kennysheep_flooded_box
D:6:      layout_loops_ring, mainiacjoe_overflow_small_starburst, minitemple,
          minmay_temple_entry_offerings, serial_rivers,
          chequers_serial_rivers_small_b, chequers_serial_rivers_small_b,
          chequers_serial_rivers_room_b, chequers_serial_rivers_large_a,
          serial_shops, nicolae_shop_hallway_plus, dreamdust_princess_bridge
D:7:      nicolae_BIG_FREAKIN_CUBE, layout_loops_ring,
          small_statue_intersection, uniq_menkaure
D:8:      layout_rooms, dpeg_oklobed_lair
D:9:      lemuel_flame_loot_2, layout_gridville, st_stairs_3, uniq_erica,
          uniq_prince_ribbit1, uniq_maggie
D:10:     layout_rooms, trog_hazing_becter, david_orc_1_choice
D:11:     layout_rooms, serial_shops, shop, hangedman_weighted_door,
          minmay_misc_feat_cross, grunt_decor_junction
D:12:     minmay_containers, layout_basic, st_stairs_7, uniq_jorgrun
Temple:   nicolae_temple_bog_church

Skill      XL: |  1  2  3  4  5  6  7  8  9 10 11 12 |
---------------+-------------------------------------+-----
Throwing       | 2 |  2.0
Axes           | 3 4 5 6 8 9 11 13 | 13.0
Stealth        | 1 |  1.0
Fighting       | 3 4 5 6 8 9 |  9.8
Armour         | 1 2 3 10 | 10.0
Evocations     | 2 |  2.0
Dodging        | 3 4 5 |  5.0
Shields        | 3 4 |  4.6

Action                   |  1- 3 |  4- 6 |  7- 9 | 10-12 || total
-------------------------+-------+-------+-------+-------++-------
Melee: War axe           |   104 |   162 |   221 |   339 ||   826
       Kick              |    15 |    36 |    74 |   124 ||   249
       Tailslap          |       |       |    36 |    66 ||   102
Throw: Stone             |       |       |     3 |     2 ||     5
Evoke: Wand              |       |       |       |     4 ||     4
  Use: Scroll            |     5 |     9 |     7 |     4 ||    25
       Potion            |     2 |     2 |     3 |     3 ||    10
 Stab: Distracted        |       |       |     1 |       ||     1
       Sleeping          |       |       |       |     1 ||     1
Armor: Ring mail         |     4 |       |       |       ||     4
       Scale mail        |     9 |       |       |       ||     9
       Chain mail        |    89 |    81 |    45 |       ||   215
       Steam dragon scal |       |       |    15 |    58 ||    73
Dodge: Dodged            |    38 |    60 |    87 |   122 ||   307
Block: Buckler           |       |     8 |    91 |   264 ||   363
       Orb               |       |       |     7 |       ||     7
       Reflection        |       |       |     3 |    22 ||    25

Table legend: (Time is in decaauts)
 A = Elapsed time spent in this place.
 B = Non-inter-level travel time spent in this place.
 C = Inter-level travel time spent in this place.
 D = Time resting spent in this place.
 E = Time spent auto-exploring this place.
 F = Levels seen in this place.
 G = Mean time per level.
                   A        B        C        D        E       F      G
               +--------+--------+--------+--------+--------+-----+--------+
         Total |  13497 |  12079 |   1418 |   2455 |   6314 |  14 |  964.1 |
       Dungeon |  12602 |  11195 |   1407 |   2208 |   5936 |  12 | 1050.2 |
        Temple |    188 |    177 |     11 |      0 |    167 |   1 |  188.0 |
         Sewer |    706 |    706 |      0 |    247 |    210 |   1 |  706.0 |
               +--------+--------+--------+--------+--------+-----+--------+

Top non-repeatable levels by time:
     D:9: 1663 daAuts
     D:6: 1414 daAuts
    D:11: 1141 daAuts
     D:2: 1108 daAuts
     D:3: 1105 daAuts
    D:12: 1010 daAuts
     D:5: 1000 daAuts
     D:7: 1000 daAuts
    D:10: 923 daAuts
     D:1: 859 daAuts
     D:8: 825 daAuts
   Sewer: 706 daAuts
     D:4: 549 daAuts
  Temple: 188 daAuts
